 Dungeon Crawl Stone Soup version 0.30-a0-847-g17996783a1 (webtiles) character file.

Game seed: 9750971540453255288

324 Zombeaver the Magician (level 6, -9/30 HPs)
             Began as a Spriggan Conjurer on Mar 3, 2023.
             Killed by divine providence
             ... invoked by an orc priest
              (12 damage)
             ... on level 4 of the Dungeon.
             The game lasted 00:14:55 (2949 turns).

Zombeaver the Magician (Spriggan Conjurer)          Turns: 2949, Time: 00:14:56

Health: -9/30      AC:  2    Str:  3    XL:     6   Next: 23%
Magic:  0/13       EV: 17    Int: 22    God:
Gold:   67         SH:  0    Dex: 13    Spells: 13/14 levels left

rFire   . . .      SeeInvis +    c - +0 dagger
rCold   + . .      Faith    .    (no shield)
rNeg    . . .      Spirit   +    a - +0 robe
rPois   .          Reflect  .    (helmet restricted)
rElec   .          Rampage  .    (no cloak)
rCorr   .                        (gloves unavailable)
Will    +....                    (boots unavailable)
Stlth   +                        h - amulet of guardian spirit
HPRegen 0.25/turn                j - ring of protection from cold
MPRegen 0.13/turn                (no ring)

@: confused, very quick
A: very small, no large weapons, unfitting armour, see invisible, speed 3
a: no special abilities


You were on level 4 of the Dungeon.
You visited 1 branch of the dungeon, and saw 4 of its levels.

You collected 67 gold pieces.

Inventory:

Hand Weapons
 c - a +0 dagger (weapon)
Armour
 a - a +0 robe (worn)
Jewellery
 h - an amulet of guardian spirit (around neck)
 j - a ring of protection from cold (left hand)
 k - an amulet of guardian spirit
Scrolls
 d - 2 scrolls of fog
 f - 3 scrolls of identify
 g - 2 scrolls of enchant weapon {unknown}
 i - a scroll of vulnerability {unknown}
 l - a scroll of amnesia {unknown}
 m - a scroll of immolation {unknown}
 n - a scroll of teleportation
 o - 2 scrolls of poison {unknown}
 q - a scroll of enchant armour {unknown}
Potions
 b - a potion of magic
 e - a potion of brilliance {unknown}
 p - a potion of curing {unknown}


   Skills:
 * Level 1.1 Fighting
 * Level 2.1 Short Blades
 * Level 3.5 Dodging
 * Level 4.0 Stealth
 * Level 4.6 Spellcasting
 * Level 4.2 Conjurations


You had 13 spell levels left.
You knew the following spells:

 Your Spells              Type           Power      Damage    Failure   Level
a - Magic Dart            Conj           92%        1d7       1%          1

Your spell library contained the following spells:

 Spells                   Type           Power      Damage    Failure   Level
 Searing Ray              Conj           46%        2d6       2%          2
 Dazzling Flash           Conj/Hex       28%        N/A       13%         3
 Fulminant Prism          Conj/Hex       7%         3d6       41%         4
 Iskenderun's Mystic Bla  Conj/Tloc      14%        2d5       41%         4
 Alistair's Intoxication  Tmut/Pois      3%         N/A       96%         5
 Borgnjor's Vile Clutch   Necr/Erth      2%         N/A       96%         5
 Eringya's Noxious Bog    Tmut/Pois      2%         N/A       100%        6


Dungeon Overview and Level Annotations

Branches:
Dungeon (4/15)
 Temple: D:4-7

Altars:
Ashenzari
Cheibriados

Shops:
D:1 :*:*?


Innate Abilities, Weirdness & Mutations

You are very small and have problems with some larger weapons.
You are too small for most types of armour.
You have supernaturally acute eyesight. (SInv)
You cover ground extremely quickly. (Speed+++)


Message History

Found a scroll labelled QAKUSS NOPLEY.
A ball python comes into view.
You see here a scroll labelled QAKUSS NOPLEY.
g - 2 scrolls labelled QAKUSS NOPLEY (gained 1)
Casting: Magic Dart (safe; 1% risk of failure)
Confirm with . or Enter, or press ? or * to list all spells.
Aiming: Magic Dart (safe; 1% risk of failure)
Press: ? - help, Shift-Dir - straight line, f - ball python
Aim: a ball python (asleep, 100% to hit)
The magic dart hits the ball python.
You kill the ball python!
A howler monkey comes into view.
Found a stone staircase leading up.
The howler monkey howls!
You hear a shout!
The howler monkey hoots and howls with incredible vigour!
You hear a shout! x3
You see here a ball python corpse.
The howler monkey hoots and howls with incredible vigour!
You hear an angry hiss.
You hear a shout! x2
The orc wizard barely misses you.
The orc wizard gestures at you while chanting.
The magic dart hits you.
There is a stone staircase leading up here.
You climb upwards.
The orc priest hits you with a +0 dagger.
There is a stone staircase leading down here.
The orc priest misses you.
The orc priest calls down the wrath of Beogh upon you.
Beogh smites you!
* * * LOW HITPOINT WARNING * * *
You climb downwards.
The howler monkey hoots and howls with incredible vigour!
The orc wizard points at you and mumbles some strange words.
You are confused.
There is a stone staircase leading up here.
The orc priest hits you with a +0 dagger.
* * * LOW HITPOINT WARNING * * *
The orc priest invokes the aid of Beogh against you.
Beogh smites you!
You die...

#... #. #... ... #.. #.# #..
#..###.# ...#.# .# #.#.# ..#
##..@# <. ... #....# #.#
#.##....# ########### #.#
#.....oo### #.........# #.#
###...#...# ###.#####.# #.#
##......# #...B.#.# ##.#
###h...### #.###.#o#
##.########...#.#### ##)###o#.#
##....†h......#.##.####...##.#o#


You could see a howler monkey, an orc priest and an orc wizard.

Vanquished Creatures
  Sigmund (D:2)
  A hound (D:4)
  An orc wizard (D:3)
  Natasha (D:2)
  An adder (D:3)
  2 worms (D:2)
  3 dart slugs (D:1)
  7 orcs
  2 bats
  3 endoplasms (D:1)
  4 giant cockroaches (D:2)
  4 goblins
  4 hobgoblins
  4 kobolds
  A quokka (D:1)
  5 ball pythons
  A frilled lizard (D:2)
  2 rats
47 creatures vanquished.

Vanquished Creatures (others)
  2 plants (D:2)
2 creatures vanquished.

Grand Total: 49 creatures vanquished

Notes
Turn   | Place    | Note
-------+----------+-------------------------------------------
     0 | D:1      | Zombeaver the Spriggan Conjurer began the quest for the
                  | Orb.
     0 | D:1      | Reached XP level 1. HP: 9/9 MP: 5/5
    67 | D:1      | Found Titenon's General Store.
   277 | D:1      | Reached XP level 2. HP: 13/13 MP: 4/6
   484 | D:1      | Found Qyistry's Magic Scroll Boutique.
   620 | D:1      | Found Uniul's Assorted Antiques.
   765 | D:1      | Found Vypn's Book Boutique.
   770 | D:1      | You fall into a shaft and drop 1 floor!
   851 | D:2      | Found a faded altar of an unknown god.
   893 | D:2      | Reached XP level 3. HP: 16/16 MP: 5/8
  1182 | D:2      | Noticed Sigmund
  1267 | D:2      | Killed Sigmund
  1268 | D:2      | Reached skill level 1 in Fighting
  1268 | D:2      | Reached skill level 1 in Short Blades
  1268 | D:2      | Reached XP level 4. HP: 16/22 MP: 0/11
  1268 | D:2      | Reached XP level 5. HP: 19/25 MP: 0/12
  1599 | D:2      | Found a snail-covered altar of Cheibriados.
  1879 | D:2      | Noticed Natasha
  1885 | D:2      | Killed Natasha
  2328 | D:1      | Found Plog's Book Shop.
  2526 | D:3      | Reached XP level 6. HP: 30/30 MP: 3/13
  2765 | D:4      | Found a broken altar of Ashenzari.
  2949 | D:4      | Killed from afar by an orc priest

Illustrated notes

Levels and vault maps discovered:
D:1:      minmay_arrival_stair_chambers, layout_loops_ring, serial_shops,
          nicolae_square_shop, nicolae_shop_hallway_plus, shop,
          nicolae_shop_window_shopping, shop, minmay_cut_off
D:2:      layout_basic, shapermc_ecumenical_altar_mp_urbaneastern, basic_altar,
          minmay_misc_feat_tower, minmay_worlds_worst_comb, uniq_sigmund,
          uniq_natasha
D:3:      minmay_goblin_kobold_castle, layout_basic, nicolae_uskayaw_suspiria,
          serial_shops, nicolae_shop_trees, minmay_unequal, uniq_ijyb
D:4:      layout_rooms, nicolae_overflow_crystal_walls, gammafunk_ghost_smash

Skill      XL: |  1  2  3  4  5  6 |
---------------+-------------------+-----
Conjurations   | 3 4 |  4.2
Spellcasting   | 3 4 |  4.6
Fighting       | 1 |  1.1
Short Blades   | 1 2 |  2.1
Dodging        | 3 |  3.5
Stealth        | 4 |  4.0

Action                     |  1- 3 |  4- 6 || total
---------------------------+-------+-------++-------
  Melee: Dagger            |       |     6 ||     6
   Cast: Magic Dart        |    65 |    67 ||   132
    Use: Scroll            |       |     2 ||     2
 Armour: Robe              |       |     3 ||     3
  Dodge: Dodged            |     1 |    10 ||    11

Table legend: (Time is in decaauts)
 A = Elapsed time spent in this place.
 B = Non-inter-level travel time spent in this place.
 C = Inter-level travel time spent in this place.
 D = Time resting spent in this place.
 E = Time spent auto-exploring this place.
 F = Levels seen in this place.
 G = Mean time per level.
                   A        B        C        D        E       F      G
               +--------+--------+--------+--------+--------+-----+--------+
         Total |   2208 |   2208 |      0 |     99 |   1515 |   4 |  552.0 |
       Dungeon |   2208 |   2208 |      0 |     99 |   1515 |   4 |  552.0 |
               +--------+--------+--------+--------+--------+-----+--------+

Top non-repeatable levels by time:
     D:2: 1016 daAuts
     D:1: 845 daAuts
     D:3: 214 daAuts
     D:4: 131 daAuts
